 Dungeon Crawl Stone Soup version 0.23.0 (webtiles) character file.

Game seed: 10187539277961787783

61 Gadfly the Insei (level 4, -4/26 HPs)
             Began as an Octopode Transmuter on Feb 13, 2019.
             Was a Follower of Hepliaklqana.
             Slain by an orc
             ... wielding a +0 falchion of slicing
              (7 damage)
             ... on level 3 of the Dungeon.
             The game lasted 00:04:11 (1828 turns).

Gadfly the Insei (Octopode Transmuter)              Turns: 1828, Time: 00:04:11

Health: -4/26      AC:  1    Str: 10    XL:     4   Next: 7%
Magic:  7/8        EV: 13    Int: 15    God:    Hepliaklqana [*.....]
Gold:   85         SH:  0    Dex: 12    Spells: 4/8 levels left

rFire    + . .     SeeInvis .     - Unarmed
rCold    . . .     Gourm    .   (no shield)
rNeg     . . .     Faith    .   (helmet restricted)
rPois    +         Spirit   .   (no amulet)
rElec    .         Reflect  .   e - ring of poison resistance
rCorr    .         Harm     .   g - ring of protection from fire
MR       .....                  (no ring)
Stlth    ++........             (no ring)
HPRegen  0.08/turn              (no ring)
MPRegen  0.11/turn              (no ring)
                                (no ring)
                                (no ring)

@: appendage
A: almost no armour, stealthy swim, amphibious, 8 rings, constrict 8, reduced
essence, tentacle spike 3, camouflage 1, gelatinous body 1
a: End Transformation, Recall Ancestor, Ancestor Identity, Renounce Religion


You were on level 3 of the Dungeon.
You worshipped Hepliaklqana.
Hepliaklqana was aware of your devotion.
You were not hungry.
One of your tentacles had a temporary spike.
You visited 1 branch of the dungeon, and saw 3 of its levels.

You collected 85 gold pieces.

Inventory:

Missiles
 a - 12 arrows
Jewellery
 e - a ring of poison resistance (left tentacle)
 g - a ring of protection from fire (right tentacle)
Scrolls
 b - a scroll of identify
 f - a scroll of remove curse
 i - 2 scrolls of teleportation
 o - a scroll of fear
Potions
 d - 4 potions of heal wounds
 h - a potion of ambrosia {unknown}
 k - a potion of curing
 m - a potion of might {unknown}
 n - a potion of degeneration {unknown}
 p - a potion of lignification
Comestibles
 c - 4 rations


   Skills:
 + Level 1.7 Fighting
 + Level 2.5 Dodging
 + Level 3.3 Unarmed Combat
 * Level 2.7 Spellcasting
 * Level 2.4 Transmutations


You had 4 spell levels left.
You knew the following spells:

 Your Spells              Type           Power        Failure   Level  Hunger
a - Beastly Appendage     Tmut           #.....       8%          1    #......
b - Spider Form           Tmut/Pois      #.........   36%         3    ###....

Your spell library contained the following spells:

 Spells                   Type           Power        Failure   Level  Hunger
 Sticks to Snakes         Tmut           #.......     12%         2    ##.....
 Ice Form                 Ice/Tmut       #.......     77%         4    #####..
 Blade Hands              Tmut           #.........   91%         5    ######.


Dungeon Overview and Level Annotations

Branches:
Dungeon (3/15)

Altars:
Hepliaklqana


Innate Abilities, Weirdness & Mutations

You cannot wear most types of armour.
You are very stealthy in the water. (Stealth+)
You are amphibious.
You can wear up to eight rings at the same time.
You can use your tentacles to constrict eight enemies at once.
Your skin changes colour to match your surroundings (Stealth+).
Your rubbery body absorbs attacks. (AC +1, EV +1)
Your life essence is reduced to manifest your ancestor. (-10% HP)
One of your tentacles bears a large vicious spike.


Message History

You kill the orc!
The orc closely misses you.
The orc hits you with a +0 falchion of slicing.
* * * LOW HITPOINT WARNING * * *
x2 The orc hits Æthelred with a +0 falchion of slicing. Æthelred barely misses the orc.
You tentacle-slap the orc. You grab the orc. Your squeeze misses the orc.
The orc is heavily wounded.
You constrict the orc. Æthelred closely misses the orc.
The orc closely misses you.
You tentacle-slap the orc but do no damage.
You pierce the orc, but do no damage.
You squeeze the orc.
You kill the orc!
The orc closely misses you.
You tentacle-slap the orc but do no damage.
Your grab misses the orc.
The orc is lightly wounded. Æthelred closely misses the orc.
The orc hits you with a +0 falchion of slicing!
You die...

#.# #.# #.# #.# #.#
#######.# ### #.......#
###### ....
#.......##.....##
....######......@).)......
.................oR.>...#.
....#.##........(###+####
......(+.........#
......##......##.#
..##..<#......##... .
#...#......##...
#...####...##.. #...#
.....


You could see the friendly Æthelred the ancestor and an orc.

Vanquished Creatures
  An adder (D:2)
  A worm (D:2)
  4 dart slugs
  2 orcs (D:3)
  4 bats (D:2)
  4 hobgoblins
  7 jackals
  A quokka (D:2)
  3 frilled lizards (D:2)
  4 goblins
  2 kobolds
  6 rats
39 creatures vanquished.

Notes
Turn   | Place    | Note
-------+----------+-------------------------------------------
     0 | D:1      | Gadfly the Octopode Transmuter began the quest for the Orb.
     0 | D:1      | Reached XP level 1. HP: 13/13 MP: 3/3
   174 | D:1      | Reached XP level 2. HP: 15/18 MP: 5/5
   953 | D:2      | Reached XP level 3. HP: 23/23 MP: 6/6
  1321 | D:2      | Learned a level 3 spell: Spider Form
  1732 | D:2      | Found a faded altar of an unknown god.
  1743 | D:2      | Reached XP level 4. HP: 28/29 MP: 8/8
  1750 | D:2      | Became a worshipper of Hepliaklqana the Forgotten
  1750 | D:2      | Reached * piety under Hepliaklqana
  1828 | D:3      | Slain by an orc

Action                   |  1- 3 |  4- 6 || total
-------------------------+-------+-------++-------
Melee: Unarmed           |    77 |     5 ||    82
       Constrict         |    23 |     2 ||    25
       Tentacles         |    12 |     2 ||    14
       Kick              |    11 |     2 ||    13
 Cast: Beastly Appendage |    12 |     1 ||    13
       Spider Form       |     1 |       ||     1
Invok: Ancestor Identity |       |     1 ||     1
  Use: Scroll            |     9 |       ||     9
 Stab: Sleeping          |     4 |       ||     4
  Eat: Chunk             |     3 |       ||     3
Armor: Skin              |     6 |       ||     6
Dodge: Dodged            |    66 |     4 ||    70
